 Dungeon Crawl Stone Soup version 0.22.1-2-g9c5b331383 (webtiles) character file.

658 arkonten the Slasher (level 7, 0/70 HPs)
             Began as a Troll Berserker on Dec 5, 2018.
             Was an Elder of Trog.
             Killed from afar by an electric eel (7 damage)
             ... with a bolt of electricity
             ... on level 4 of the Dungeon.
             The game lasted 00:32:08 (3373 turns).

arkonten the Slasher (Troll Berserker)              Turns: 3373, Time: 00:32:09

Health: 0/70       AC:  5    Str: 28    XL:     7   Next: 30%
Magic:  6/6        EV: 11    Int:  3    God:    Trog [****..]
Gold:   217        SH:  0    Dex:  9    Spells: 6/6 levels left

rFire    . . .     SeeInvis .   a - +0 falchion
rCold    . . .     Gourm    +   (no shield)
rNeg     . . .     Faith    .   b - +0 animal skin
rPois    .         Spirit   .   (helmet restricted)
rElec    .         Reflect  .   (no cloak)
rCorr    .         Harm     .   (gloves unavailable)
MR       .....                  (boots unavailable)
Stlth    +.........             (no amulet)
HPRegen  0.61/turn              (no ring)
MPRegen  0.10/turn              (no ring)

@: no status effects
A: large, unfitting armour, claws 3, fast metabolism 3, gourmand, regeneration
1, shaggy fur 1, tough skin 2
a: Berserk, Trog's Hand, Brothers in Arms, Renounce Religion


You were on level 4 of the Dungeon.
You worshipped Trog.
Trog was greatly pleased with you.
You were not hungry.

You visited 1 branch of the dungeon, and saw 5 of its levels.

You collected 217 gold pieces.

Inventory:

Hand Weapons
 a - a +0 falchion (weapon)
 r - a +0 hunting sling
 v - a +0 club
 w - a +0 hunting sling
 y - a +0 flail
 C - a +0 mace
 E - a +0 hand axe
 F - a +0 morningstar of protection
 J - a +0 giant spiked club
 N - a +0 shortbow
 O - a cursed -1 trident
Missiles
 m - 32 bolts
 x - 40 stones (quivered)
 A - 21 arrows
 I - a throwing net
 L - 13 poisoned needles
Armour
 b - a +0 animal skin (worn)
 k - a +0 chain mail
 o - a +0 robe
 p - a +0 leather armour
 z - a cursed +0 robe
 K - a cursed +0 ring mail
Jewellery
 q - a +5 ring of intelligence {unknown}
 t - a +5 ring of intelligence {unknown}
 H - a cursed amulet of inaccuracy {unknown}
Wands
 G - a wand of iceblast (4)
 R - a wand of flame (32)
Scrolls
 e - 3 scrolls of remove curse {unknown}
 h - a scroll of fear {unknown}
 i - 3 scrolls of identify {unknown}
 j - 2 scrolls of teleportation {unknown}
 l - a scroll of amnesia {unknown}
 n - 2 scrolls of fog {unknown}
 s - a scroll of enchant armour {unknown}
 u - a scroll of enchant weapon {unknown}
 P - a scroll of noise {unknown}
Potions
 d - a potion of heal wounds {unknown}
 f - 5 potions of curing {unknown}
 g - a potion of mutation {unknown}
 B - a potion of might {unknown}
 D - 2 potions of degeneration {unknown}
 M - 2 potions of flight {unknown}
 Q - a potion of cancellation {unknown}
Comestibles
 c - 12 rations


   Skills:
 + Level 4.0 Fighting
 + Level 4.9 Long Blades
 + Level 4.4 Dodging
 + Level 0.3 Stealth


You had 6 spell levels left.
You didn't know any spells.
Your spell library was empty.

Dungeon Overview and Level Annotations

Branches:
Dungeon (5/15)
 Temple: D:4-7

Altars:

Annotations:
D:4 1 transporter


Innate Abilities, Weirdness & Mutations

You are too large for most types of armour.
You have claws for hands.
Your metabolism is lightning-fast.
You like to eat raw meat.
Your natural rate of healing is unusually fast.
You are covered in fur. (AC +1)
You have very tough skin. (AC +2)


Message History

You enter the transporter and appear at another place.
There is a transporter landing site here.
R - a wand of flame (32)
There are no items here.
As you open the door, it creaks loudly!
Press: ? - help, v - describe, . - travel
Here: an electric eel (fire blocked by a translucent stone wall) Some shallow water.
The electric eel shoots out a bolt of lightning at you!
The bolt of electricity hits you!
There is an open door here.
The electric eel shoots out a bolt of lightning at you!
The bolt of electricity hits you!
* * * LOW HITPOINT WARNING * * *
The electric eel shoots out a bolt of lightning at you!
The bolt of electricity hits you!
* * * LOW HITPOINT WARNING * * *
The electric eel shoots out a bolt of lightning at you!
The bolt of electricity hits you!
You die...

.#####..#### #.##.# #....#
..W.....# #.##.# #...##
........# #.##.######...#
........#######(............#
.....................#####..#
.....###############.# #..#
#..#.#8P#≈≈≈≈≈;;#P8#.## #.##
##(..#..#≈≈≈≈≈..#..#..## #.#
#..©#©?+≈≈≈♣;..@.©#©..###.#
##..#..#≈P≈PP..#..#..#....#
####.#8P#≈≈≈≈≈≈≈#P8#.#.###.#
..##.###############..## #.#
#.##..................# #.#
..###################.#
#.#### #..# #####.####.....
...# #..........#### ...#
#.###..........


You could see 3 electric eels.

Vanquished Creatures
  A phantom (D:4)
  An ogre (D:5)
  A centaur (D:5)
  A hound (D:4)
  2 orc priests
  3 orc wizards
  Ijyb (D:5)
  2 worker ants (D:4)
  A hound zombie (D:5)
  A worker ant zombie (D:3)
  4 adders
  2 dart slugs
  6 leopard geckos
  10 orcs
  2 ball pythons
  11 bats
  4 giant cockroaches
  3 goblins
  9 hobgoblins
  12 jackals
  7 kobolds
  2 quokkas
  3 frilled lizards
  A jackal skeleton (D:5)
  2 leopard gecko skeletons (D:4)
  6 rats
  2 toadstools (D:1)
100 creatures vanquished.

Vanquished Creatures (others)
  2 toadstools (D:1)
2 creatures vanquished.

Grand Total: 102 creatures vanquished

Notes
Turn   | Place    | Note
-------+----------+-------------------------------------------
     0 | D:1      | arkonten the Troll Berserker began the quest for the Orb.
     0 | D:1      | Reached XP level 1. HP: 22/22 MP: 0/0
    80 | D:1      | Reached XP level 2. HP: 29/29 MP: 1/1
   413 | D:1      | Reached ** piety under Trog
   737 | D:2      | Reached XP level 3. HP: 29/36 MP: 2/2
  1034 | D:2      | Found a faded altar of an unknown god.
  1330 | D:3      | Reached XP level 4. HP: 35/45 MP: 3/3
  1356 | D:3      | Reached *** piety under Trog
  1440 | D:3      | Reached XP level 5. HP: 28/53 MP: 4/4
  2113 | D:4      | Reached XP level 6. HP: 20/61 MP: 5/5
  2154 | D:4      | Found a transporter.
  2177 | D:4      | Found a transporter.
  2268 | D:5      | Entered Level 5 of the Dungeon
  2316 | D:5      | Noticed Ijyb
  2371 | D:5      | Killed Ijyb
  2715 | D:5      | Reached XP level 7. HP: 28/68 MP: 6/6
  3030 | D:4      | Reached **** piety under Trog
  3373 | D:4      | Killed from afar by an electric eel

Skill      XL: |  1  2  3  4  5  6  7 |
---------------+----------------------+-----
Fighting       | 3 4 |  4.0
Dodging        | 3 4 |  4.4
Long Blades    | 3 4 |  4.9
Stealth        | |  0.3

Action                   |  1- 3 |  4- 6 |  7- 9 || total
-------------------------+-------+-------+-------++-------
Melee: Falchion          |   126 |   241 |    66 ||   433
Invok: Berserk           |       |     2 |       ||     2
       Trog's Hand       |       |     1 |       ||     1
  Eat: Chunk             |    13 |    11 |     7 ||    31
       Ration            |       |     1 |       ||     1
Armor: Animal skin       |    68 |    98 |    18 ||   184
Dodge: Dodged            |   101 |   169 |    25 ||   295
       Rpst.: Falchion   |    25 |    58 |     8 ||    91
